 Dungeon Crawl Stone Soup version 0.25-a0-1133-g93ebf73 (webtiles) character file.

Game seed: 15773626418633790400, levelgen mode: deterministic

435 thirtiethelement the Skirmisher (level 6, -6/50 HPs)
             Began as a Demonspawn Abyssal Knight on May 22, 2020.
             Was a Priest of Lugonu.
             Killed from afar by an orc wizard (7 damage)
             ... with a magic dart
             ... on level 4 of the Dungeon.
             The game lasted 00:12:18 (3944 turns).

thirtiethelement the Skirmisher (DsAK)              Turns: 3944, Time: 00:12:21

Health: -6/50      AC: 15    Str: 14    XL:     6   Next: 68%
Magic:  0/7        EV:  4    Int: 13    God:    Lugonu [***...]
Gold:   229        SH:  0    Dex: 13    Spells: 5/5 levels left

rFire    + . .     SeeInvis .   a - +3 falchion
rCold    . . .     Gourm    .   (no shield)
rNeg     . . .     Faith    .   d - +0 plate armour
rPois    .         Spirit   +   (no helmet)
rElec    .         Reflect  .   (no cloak)
rCorr    .         Harm     .   f - +2 pair of gloves
MR       .....                  p - +0 pair of boots
Stlth    ..........             (no amulet)
HPRegen  0.16/turn              v - ring of stealth
MPRegen  0.10/turn              (no ring)

@: no status effects
A: claws 1, fire resistance 1, magic shield
a: Depart the Abyss, Bend Space, Banish, Renounce Religion


You were on level 4 of the Dungeon.
You worshipped Lugonu.
Lugonu was most pleased with you.
You were not hungry.

You visited 1 branch of the dungeon, and saw 4 of its levels.
You visited the Abyss 1 time.

You collected 229 gold pieces.

Inventory:

Hand Weapons
 a - a +3 falchion (weapon)
Missiles
 i - 3 javelins (quivered)
Armour
 d - a +0 plate armour (worn)
 f - a +2 pair of gloves (worn)
 p - a +0 pair of boots (worn)
Jewellery
 v - a ring of stealth (left hand)
Scrolls
 e - a scroll of magic mapping {unknown}
 g - 4 scrolls of enchant armour {unknown}
 l - 8 scrolls of remove curse
 m - a scroll of fear {unknown}
 n - a scroll of immolation {unknown}
 o - 2 scrolls of teleportation
 q - a scroll of blinking {unknown}
Potions
 h - a potion of flight {unknown}
 k - 3 potions of stabbing
 s - a potion of mutation {unknown}
 t - a potion of heal wounds {unknown}
 u - a potion of invisibility {unknown}
 w - 2 potions of lignification {unknown}
Comestibles
 c - 3 rations


   Skills:
 + Level 4.9 Fighting
 + Level 4.5 Long Blades
 + Level 3.5 Armour
 + Level 1.0 Dodging
 + Level 2.5 Invocations


You had 5 spell levels left.
You didn't know any spells.
Your spell library was empty.

Dungeon Overview and Level Annotations

Branches:
Dungeon (4/15)
 Temple: D:4-7

Altars:
Ashenzari


Innate Abilities, Weirdness & Mutations

You have sharp fingernails.
Your flesh is heat resistant. (rF+)
When hurt, damage is shared between your health and your magic reserves.


Message History

Items here: )) [ †† a +0 dagger; a +0 robe; a +0 club; an orc corpse x2
You closely miss something. Something hits you but does no damage.
You closely miss something. Something hits you but does no damage.
You miss something. Something hits you but does no damage.
You miss something. Something hits you but does no damage.
You miss something.
Something hits you but does no damage. x2
Your plate armour prevents you from hitting something.
The orc priest calls down the wrath of Beogh upon you.
Beogh smites you!
* * * LOW HITPOINT WARNING * * *
Something hits you but does no damage.
You hit something.
The orc priest mumbles some strange prayers to Beogh against you.
Beogh smites you!
* * * LOW HITPOINT WARNING * * *
You hear some strange, mumbled words.
A magic dart appears from out of thin air!
The magic dart hits you!
You die...

########################
)........>......@{oo....
....
.#######################
...... '#### ......
....# ......# ....#
....... ....# .......
....#############
........
'###............#
........
.###............# ###
........


You could see an orc priest and an orc.

Vanquished Creatures
  The ghost of lunkers the Magician, an amateur DsWn of Nemelex Xobeh (D:4)
  A howler monkey (D:4)
  2 orc priests (D:4)
  3 orc wizards (D:4)
  Robin (D:2)
  3 adders
  4 gnolls (D:3)
  2 oozes
  A worm (D:3)
  2 dart slugs
  3 leopard geckos
  6 orcs (D:4)
  5 ball pythons
  3 giant cockroaches
  14 goblins
  10 hobgoblins
  5 jackals
  9 kobolds
  4 bats
  5 frilled lizards
  10 rats
94 creatures vanquished.

Notes
Turn   | Place    | Note
-------+----------+-------------------------------------------
     0 | Abyss:1  | thirtiethelement the Demonspawn Abyssal Knight began the
                  | quest for the Orb.
     0 | Abyss:1  | Reached XP level 1. HP: 18/18 MP: 2/2
    26 | Abyss:2  | Noticed a worldbinder
    28 | Abyss:2  | Noticed a blink frog
    30 | Abyss:2  | Noticed a dream sheep
    30 | Abyss:2  | Noticed a dream sheep
    30 | Abyss:2  | Noticed a blink frog
    30 | Abyss:2  | Noticed a spiny frog
    42 | Abyss:2  | Noticed a blink frog
    42 | Abyss:2  | Noticed a dream sheep
    43 | Abyss:2  | Noticed a dream sheep
    43 | Abyss:2  | Noticed a dream sheep
    43 | Abyss:2  | Noticed a spiny frog
    43 | D:1      | Escaped the Abyss
   334 | D:1      | Gained mutation: You have sharp fingernails. [demonic
                  | ancestry]
   334 | D:1      | Reached XP level 2. HP: 17/24 MP: 3/3
   341 | D:1      | Reached * piety under Lugonu
   743 | D:1      | Gained mutation: When hurt, damage is shared between your
                  | health and your magic reserves. [demonic ancestry]
   743 | D:1      | Reached XP level 3. HP: 29/30 MP: 4/4
  1469 | D:2      | Noticed Robin
  1489 | D:2      | Killed Robin
  1497 | D:2      | Reached ** piety under Lugonu
  1538 | D:2      | Reached XP level 4. HP: 25/37 MP: 2/5
  2207 | D:3      | Found a shattered altar of Ashenzari.
  2217 | D:3      | Reached skill level 1 in Dodging
  2245 | D:3      | Reached XP level 5. HP: 13/42 MP: 3/6
  3535 | D:4      | Found a runed translucent gate.
  3535 | D:4      | Noticed lunkers's ghost (amateur DsWn)
  3541 | D:4      | Found a runed translucent gate.
  3541 | D:4      | Found a runed translucent gate.
  3559 | D:4      | Killed lunkers's ghost
  3559 | D:4      | Gained mutation: Your flesh is heat resistant. (rF+)
                  | [demonic ancestry]
  3559 | D:4      | Reached XP level 6. HP: 29/49 MP: 5/7
  3809 | D:4      | Reached *** piety under Lugonu
  3944 | D:4      | HP: 1/50 [orc priest/divine providence (14)]
  3944 | D:4      | Killed from afar by an orc wizard

Illustrated notes

Levels and vault maps discovered:
D:1:      wander_arrival_peaceful_grave, layout_basic
D:2:      minmay_evil_eye, layout_rooms, uniq_robin
D:3:      layout_basic, cheibrodos_ashenzari_chains
D:4:      layout_basic, ebering_ghost_rock_garden, first_ration

Skill      XL: |  1  2  3  4  5 |
---------------+----------------+-----
Long Blades    | 2 3 4 |  4.5
Armour         | 2 3 |  3.5
Fighting       | 4 |  4.9
Dodging        | 1 |  1.0
Invocations    | |  2.5

Action                   |  1- 3 |  4- 6 || total
-------------------------+-------+-------++-------
Melee: Falchion          |   183 |   207 ||   390
Invok: Depart the Abyss  |     1 |       ||     1
  Use: Scroll            |     1 |     5 ||     6
       Potion            |       |     4 ||     4
  Eat: Ration            |     1 |     2 ||     3
Armor: Plate armour      |   233 |   208 ||   441
Dodge: Dodged            |    38 |    46 ||    84
       Rpst.: Falchion   |    10 |    11 ||    21

Table legend:
 A = Non-vault XP
 B = Vault XP
 C = Vault XP percentage of total XP
 D = Non-vault monster count
 E = Vault monster count
 F = Vault count percentage of total count
                 A         B        C        D         E       F
            +---------+---------+-------+---------+---------+-------
      Total |     464 |     158 |  25.4 |      81 |      13 |  13.8
            +---------+---------+-------+---------+---------+-------
        D:1 |      43 |       0 |   0.0 |      24 |       0 |   0.0
        D:2 |      36 |      48 |  57.1 |      14 |      12 |  46.2
        D:3 |     105 |       0 |   0.0 |      26 |       0 |   0.0
        D:4 |     280 |     110 |  28.2 |      17 |       1 |   5.6
            +---------+---------+-------+---------+---------+-------
